 Dungeon Crawl Stone Soup version 0.19-b1-5-gdc9fa9d (webtiles) character file.

330 tv1990 the Covered (level 6, -4/48 HPs)
             Began as a Formicid Wanderer on Oct 31, 2016.
             Was an Initiate of Okawaru.
             Slain by an ogre
             ... wielding a +0 giant club
              (9 damage)
             ... on level 4 of the Dungeon.
             The game lasted 00:07:19 (2179 turns).

tv1990 the Covered (Formicid Wanderer)              Turns: 2179, Time: 00:07:19

Health: -4/48      AC: 12    Str: 17    XL:     6   Next: 81%
Magic:  6/6        EV:  5    Int: 11    God:    Okawaru [......]
Gold:   190        SH:  0    Dex: 12    Spells: 0 memorised, 5 levels left

rFire  . . .     SeeInvis +     a - +3 hand axe
rCold  . . .     Gourm    .     q - +0 plate armour
rNeg   . . .     Faith    +     (no shield)
rPois  .         Spirit   .     (helmet unavailable)
rElec  .         Reflect  .     (no cloak)
rCorr  .         Harm     .     (no gloves)
MR     .....                    (no boots)
Stlth  ..........               j - amulet of faith
                                (no ring)
                                (no ring)

@: no status effects
A: permanent stasis, dig shafts and tunnels, four strong arms, antennae 3
a: Dig, Shaft Self, Renounce Religion


You were on level 4 of the Dungeon.
You worshipped Okawaru.
Okawaru was noncommittal.
You were not hungry.

You visited 2 branches of the dungeon, and saw 5 of its levels.
You also visited: Sewer.

You collected 190 gold pieces.

Inventory:

Hand Weapons
 a - a +3 hand axe (weapon)
Armour
 c - a +0 robe
 e - a +0 ring mail
 q - a +0 plate armour (worn)
 r - a +1 ring mail of poison resistance
Jewellery
 j - an amulet of faith (around neck)
Scrolls
 g - 3 scrolls of identify
 m - 2 scrolls of teleportation {unknown}
 n - 2 scrolls of fear {unknown}
 p - 2 scrolls of remove curse {unknown}
 s - 2 scrolls of fog {unknown}
 t - a scroll of amnesia {unknown}
Potions
 b - 2 potions of lignification
 h - 3 potions of curing
 i - 2 potions of flight {unknown}
 k - 2 potions of heal wounds {unknown}
 l - a potion of degeneration {unknown}
 u - 2 potions of magic {unknown}
 v - a potion of might {unknown}
Comestibles
 d - 3 bread rations
 f - 2 chunks of flesh
 o - 2 meat rations


   Skills:
 + Level 4.1 Fighting
 * Level 4.8 Axes
 - Level 1.0 Throwing
 + Level 5.7 Armour
   Level 1.1 Evocations


You had 5 spell levels left.
You didn't know any spells.

Dungeon Overview and Level Annotations

Branches:
Dungeon (4/15)             Temple (1/1) D:4

Altars:
Ashenzari
Cheibriados
Dithmenos
Elyvilon
Fedhas
Gozag
Hepliaklqana
Makhleb
Nemelex Xobeh
Okawaru
Qazlal
Ru
Sif Muna
Trog
Xom
Zin


Innate Abilities, Weirdness & Mutations

You are under a permanent stasis effect.
You can dig through walls and to a lower floor.
Your four strong arms can wield two-handed weapons with a shield.
You have a pair of large antennae on your head. (SInv)


Message History

The howler monkey skeleton is almost destroyed.
You hit the ogre. The ogre hits you but does no damage.
The howler monkey skeleton hits you but does no damage.
You slash the howler monkey skeleton!
You destroy the howler monkey skeleton!
Okawaru accepts your kill.
You hit the ogre. The ogre barely misses you.
You closely miss the ogre.
The ogre is heavily wounded.
The ogre hits you with a giant club!!
You hit the ogre.
The ogre is severely wounded.
The ogre hits you with a giant club!!
* * * LOW HITPOINT WARNING * * *
You hit the ogre.
The ogre is severely wounded.
You barely miss the ogre.
The ogre is severely wounded.
The ogre hits you with a giant club!
You die...

#.......# #.......#
#.......# { #.......#
#.......# #.......#
#.#.####...#######...
#......@O....<.......
..?.?................
...>.................
........###.........#
......... ......?....
........#######......
#........ ......
#........ ......


You could see an ogre.

Vanquished Creatures
  A big kobold (Sewer)
  A bullfrog (D:3)
  A worker ant (Temple)
  Ijyb (D:3)
  A howler monkey skeleton (D:4)
  2 adders (D:2)
  3 worms (D:2)
  11 dart slugs
  2 leopard geckos
  3 orcs (D:3)
  5 bats
  4 giant cockroaches (D:3)
  4 goblins
  6 hobgoblins
  16 jackals
  A quokka (D:3)
  2 ball pythons
  5 frilled lizards
  8 kobolds
  9 rats
86 creatures vanquished.

Notes
Turn   | Place    | Note
-------+----------+-------------------------------------------
     0 | D:1      | tv1990 the Formicid Wanderer began the quest for the Orb.
     0 | D:1      | tv1990 set off with: a +2 hand axe, 2 potions of lignification, a +0 robe, a bread ration
     0 | D:1      | Reached XP level 1. HP: 16/16 MP: 1/1
    80 | D:1      | Reached XP level 2. HP: 23/23 MP: 2/2
   321 | D:1      | Reached XP level 3. HP: 21/28 MP: 3/3
   725 | D:2      | Found a faded altar of an unknown god.
  1066 | D:2      | Reached XP level 4. HP: 23/34 MP: 4/4
  1093 | D:2      | Reached skill level 5 in Armour
  1216 | D:2      | You fall through a shaft!
  1216 | D:3      | Noticed Ijyb
  1224 | D:3      | Killed Ijyb
  1227 | D:3      | Reached XP level 5. HP: 41/41 MP: 5/5
  1301 | D:3      | Found a glowing drain.
  1310 | Sewer    | Entered a sewer
  1371 | Sewer    | Noticed a big kobold
  1393 | Sewer    | Killed a big kobold
  1421 | Sewer    | Found a glowing silver altar of Zin.
  1551 | D:3      | Reached XP level 6. HP: 47/47 MP: 6/6
  2112 | D:4      | Found a staircase to the Ecumenical Temple.
  2112 | D:4      | Noticed an ogre
  2120 | Temple   | Entered the Ecumenical Temple
  2149 | Temple   | Became a worshipper of Warmaster Okawaru
  2179 | D:4      | Slain by an ogre

Skill      XL: |  1  2  3  4  5  6 |
---------------+-------------------+-----
Axes           | 3 4 |  4.8
Armour         | 5 |  5.7
Fighting       | 3 4 |  4.1
Throwing       | |  1.0
Evocations     | |  1.1

Action                   |  1- 3 |  4- 6 || total
-------------------------+-------+-------++-------
Melee: Hand axe          |   103 |   165 ||   268
 Abil: Dig               |       |     1 ||     1
  Use: Potion            |       |     1 ||     1
       Scroll            |       |     4 ||     4
  Eat: Chunk             |     1 |     4 ||     5
Armor: Ring mail         |    47 |    15 ||    62
       Skin              |       |    15 ||    15
       Plate armour      |       |   101 ||   101
Dodge: Dodged            |    51 |    59 ||   110

Table legend:
 A = Turns spent in this place as a percentage of turns spent in the entire game.
 B = Non-inter-level travel turns spent in this place as a percentage of non-inter-level travel turns spent in the entire game.
 C = Inter-level travel turns spent in this place as a percentage of turns spent in this place.
 D = Turns resting spent in this place as a percentage of non-inter-level travel turns spent in this place.
 E = Turns spent auto-exploring this place as a percentage of non-inter-level travel turns spent in this place.
 F = Non-inter-level travel turns spent in this place divided by the number of levels of this place that you've seen.
                   A       B       C       D       E      F
               +-------+-------+-------+-------+-------+----------------------
         Total | 100.0 | 100.0 |   0.3 |   0.8 |  18.7 | 121.8
       Dungeon |  84.7 |  84.7 |   0.3 |   1.0 |  20.5 | 154.8
        Temple |   6.8 |   6.8 |   0.0 |   0.0 |   0.0 |  50.0
         Sewer |   8.5 |   8.5 |   0.0 |   0.0 |  16.1 |  62.0
               +-------+-------+-------+-------+-------+----------------------

Table legend:
 A = Kills in this place as a percentage of kills in entire the game.
 B = Kills by you in this place as a percentage of kills by you in the entire game.
 C = Kills by friends in this place as a percentage of kills by friends in the entire game.
 D = Other kills in this place as a percentage of other kills in the entire game.
 E = Experience gained in this place as a percentage of experience gained in the entire game.
 F = Experience gained in this place divided by the number of levels of this place that you have seen.
                   A       B       C       D       E      F
               +-------+-------+-------+-------+-------+----------------------
         Total | 100.0 | 100.0 |  -nan |  -nan | 100.0 |  78.7
       Dungeon |  87.2 |  87.2 |  -nan |  -nan |  69.3 |  81.8
        Temple |   1.2 |   1.2 |  -nan |  -nan |   7.6 |  36.0
         Sewer |  11.6 |  11.6 |  -nan |  -nan |  23.1 | 109.0
               +-------+-------+-------+-------+-------+----------------------

Vault maps used:
D:1:      minmay_arrival_three_doors, minmay_misc_feat_columns,
          kennysheep_another_room
D:2:      ecumenical_altar_2
D:3:      kennysheep_slugbush, gup_sewer_entry_spiral, first_bread,
          grunt_ministairs_7, uniq_iyjb
D:4:      grunt_temple_overflow_open
Temple:   lightli_temple_of_artemis
Sewer:    sewer_kobolds
